General information
- name: BNet
- type: Ladder team game (AT/RT)
- host: Battle.net
- saver: Awdawdawdawdawd
map: Mur'gulOasis
- players: 8
- length: 50:37
- speed: Fast
- version: 1.26 W3XP
- replay type: Public
» download(348 KB)
Players
team 1 (winner)
Sol-Invictus (
orange | 90 APM | 2405 actions | 26:47)
6 Demon Hunter
3 Mana Burn
2 Evasion
1 Metamorphosis
5 Keeper of the Grove
2 Entangling Roots
3 Thorns Aura
» actions
| Assign group hotkey | 129 | |
| Basic commands | 315 | |
| Build / train | 85 | |
| ESC pressed | 3 | |
| Enter build submenu | 18 | |
| Enter hero's abilities submenu | 11 | |
| Give item / drop item | 3 | |
| Right click | 876 | |
| Select / deselect | 457 | |
| Select group hotkey | 405 | |
| Use ability | 103 | |
2405 total
» units
| Wisp | 25 | |
| Archer | 8 | |
| Giant Sea Turtle | 1 | |
| Makrura Snapper | 1 | |
| Dryad | 11 | |
| Druid of the Claw | 6 | |
| Hippogryph | 9 | |
| Faerie Dragon | 1 | |
62 total
» upgrades
| Abolish Magic | 1 | |
| Druid of the Claw Training | 2 | |
| Ultravision | 1 | |
| Strength of the Wild | 1 | |
| Reinforced Hides | 1 | |
| Mark of the Claw | 1 | |
7 total
» buildings
| Moon Well | 7 | |
| Altar of Elders | 1 | |
| Ancient of War | 1 | |
| Tree of Ages | 1 | |
| Hunter's Hall | 1 | |
| Ancient of Lore | 3 | |
| Tree of Eternity | 1 | |
| Ancient of Wind | 1 | |
| Ancient of Wonders | 1 | |
| Tree of Life | 1 | |
18 total
» build order
00:08 Moon Well
00:20 Altar of Elders
00:48 Ancient of War
01:23 Moon Well
01:44 Moon Well
03:29 Tree of Ages
04:41 Hunter's Hall
05:55 Ancient of Lore
05:57 Ancient of Lore
06:00 Moon Well
06:06 Moon Well
10:14 Tree of Eternity
11:51 Ancient of Lore
11:57 Ancient of Wind
12:29 Ancient of Wonders
14:12 Moon Well
17:51 Tree of Life
18:52 Moon Well
» items

»
NoSeedsNoStems (
purple | 18 APM | 903 actions | 50:36)
5 Far Seer
3 Feral Spirit
2 Chain Lighting
» actions
| Assign group hotkey | 25 | |
| Basic commands | 15 | |
| Build / train | 70 | |
| ESC pressed | 2 | |
| Enter build submenu | 32 | |
| Enter hero's abilities submenu | 5 | |
| Remove unit from queue | 1 | |
| Right click | 339 | |
| Select / deselect | 229 | |
| Select group hotkey | 110 | |
| Use ability | 75 | |
903 total
» units
| Peon | 14 | |
| Grunt | 9 | |
| Tauren | 7 | |
| Shaman | 11 | |
| Hippogryph | 5 | |
| Wisp | 1 | |
47 total
» upgrades
| Pillage | 1 | |
| Armor | 2 | |
| Melee Weapons | 2 | |
| Berserker Strength | 1 | |
| Reinforced Defenses | 1 | |
| Spiked Barricades | 1 | |
| Shaman Training | 2 | |
| Pulverize | 1 | |
11 total
» buildings
| Altar of Storms | 3 | |
| Orc Burrow | 13 | |
| Barracks | 1 | |
| War Mill | 1 | |
| Voodoo Lounge | 1 | |
| Stronghold | 2 | |
| Fortress | 1 | |
| Spirit Lodge | 1 | |
| Tauren Totem | 2 | |
| Watch Tower | 15 | |
| Great Hall | 3 | |
43 total
» build order
00:25 Altar of Storms
00:42 Orc Burrow
00:57 Barracks
01:18 War Mill
01:45 Orc Burrow
03:01 Voodoo Lounge
03:06 Orc Burrow
04:11 Stronghold
06:09 Orc Burrow
06:43 Fortress
09:51 Spirit Lodge
09:57 Tauren Totem
09:58 Tauren Totem
15:06 Orc Burrow
16:12 Orc Burrow
17:27 Watch Tower
17:33 Watch Tower
17:36 Watch Tower
17:39 Watch Tower
20:07 Great Hall
20:14 Orc Burrow
20:35 Altar of Storms
20:40 Orc Burrow
20:42 Orc Burrow
22:13 Great Hall
23:14 Watch Tower
23:26 Watch Tower
25:26 Orc Burrow
25:29 Stronghold
32:17 Watch Tower
32:17 Watch Tower
32:18 Watch Tower
32:24 Watch Tower
32:27 Watch Tower
32:28 Watch Tower
32:35 Watch Tower
32:37 Watch Tower
32:40 Watch Tower
33:32 Orc Burrow
36:01 Orc Burrow
36:07 Orc Burrow
39:10 Altar of Storms
47:21 Great Hall
» items
Awdawdawdawdawd (
pink | 79 APM | 3979 actions | 50:37)
9 Archmage
3 Blizzard
3 Brilliance Aura
1 Mass Teleport
2 Summon Water Elemental
» actions
| Assign group hotkey | 48 | |
| Basic commands | 109 | |
| Build / train | 118 | |
| Enter build submenu | 55 | |
| Enter hero's abilities submenu | 9 | |
| Give item / drop item | 9 | |
| Remove unit from queue | 4 | |
| Right click | 1765 | |
| Select / deselect | 615 | |
| Select group hotkey | 1082 | |
| Use ability | 165 | |
3979 total
» units
| Peasant | 15 | |
| Footman | 5 | |
| Dragonhawk Rider | 19 | |
| Gryphon Rider | 14 | |
53 total
» upgrades
| Masonry | 3 | |
| Defend | 1 | |
| Swords | 3 | |
| Armor | 3 | |
| Animal War Training | 1 | |
| Storm Hammers | 1 | |
| Lumber Harvesting | 2 | |
| Cloud | 1 | |
| Plating | 1 | |
| Gunpowder | 1 | |
| Magic Sentry | 1 | |
| Long Rifles | 1 | |
19 total
» buildings
| Altar of Kings | 1 | |
| Farm | 10 | |
| Barracks | 1 | |
| Lumber Mill | 2 | |
| Arcane Vault | 2 | |
| Scout Tower | 23 | |
| Keep | 1 | |
| Arcane Tower | 2 | |
| Blacksmith | 1 | |
| Castle | 1 | |
| Gryphon Aviary | 3 | |
| Guard Tower | 14 | |
| Town Hall | 2 | |
| Arcane Sanctum | 1 | |
64 total
» build order
00:06 Altar of Kings
00:08 Farm
00:39 Barracks
01:15 Lumber Mill
01:36 Farm
01:37 Farm
02:14 Farm
02:38 Arcane Vault
02:56 Scout Tower
03:12 Farm
03:32 Keep
03:43 Arcane Tower
04:17 Farm
04:36 Blacksmith
05:59 Scout Tower
06:01 Scout Tower
06:09 Castle
06:18 Gryphon Aviary
06:22 Gryphon Aviary
06:31 Guard Tower
06:32 Guard Tower
10:31 Farm
15:38 Farm
16:01 Scout Tower
16:01 Scout Tower
16:02 Scout Tower
16:15 Town Hall
16:28 Guard Tower
16:30 Guard Tower
17:44 Scout Tower
17:45 Scout Tower
17:46 Scout Tower
17:48 Guard Tower
18:05 Scout Tower
18:05 Scout Tower
18:24 Guard Tower
18:26 Guard Tower
18:35 Guard Tower
20:14 Scout Tower
20:16 Scout Tower
21:22 Guard Tower
23:34 Gryphon Aviary
25:00 Scout Tower
25:05 Arcane Vault
27:19 Guard Tower
30:31 Scout Tower
30:32 Scout Tower
30:32 Scout Tower
30:33 Scout Tower
30:34 Scout Tower
30:56 Farm
31:09 Scout Tower
31:10 Scout Tower
31:17 Guard Tower
31:46 Guard Tower
32:01 Guard Tower
36:38 Farm
42:30 Arcane Sanctum
43:29 Scout Tower
44:00 Arcane Tower
48:57 Lumber Mill
50:19 Town Hall
50:26 Scout Tower
» items
| Scroll of Regeneration | 6 | |
| Lesser Clarity Potion | 2 | |
| Scroll of Town Portal | 2 | |
| Potion of Healing | 3 | |
| Healing Salve | 1 | |
14 total
aldous18 (
teal | 121 APM | 6122 actions | 50:36)
6 Archmage
3 Summon Water Elemental
2 Brilliance Aura
1 Mass Teleport
6 Mountain King
3 Storm Bolt
2 Thunder Clap
1 Avatar
1 Demon Hunter
1 Evasion
» actions
| Assign group hotkey | 78 | |
| Basic commands | 204 | |
| Build / train | 71 | |
| ESC pressed | 5 | |
| Enter build submenu | 19 | |
| Enter hero's abilities submenu | 13 | |
| Give item / drop item | 2 | |
| Remove unit from queue | 3 | |
| Right click | 1814 | |
| Select / deselect | 515 | |
| Select group hotkey | 3208 | |
| Use ability | 190 | |
6122 total
» units
| Peasant | 8 | |
| Footman | 5 | |
| Rifleman | 9 | |
| Mortar Team | 7 | |
| Hippogryph | 3 | |
32 total
» upgrades
| Gunpowder | 1 | |
| Long Rifles | 1 | |
| Lumber Harvesting | 1 | |
3 total
» buildings
| Altar of Kings | 1 | |
| Barracks | 1 | |
| Farm | 8 | |
| Scout Tower | 2 | |
| Blacksmith | 1 | |
| Arcane Tower | 1 | |
| Lumber Mill | 1 | |
| Keep | 1 | |
| Arcane Vault | 2 | |
| Guard Tower | 1 | |
| Workshop | 1 | |
| Town Hall | 1 | |
21 total
» build order
00:07 Altar of Kings
00:21 Barracks
00:25 Farm
01:03 Farm
01:44 Scout Tower
02:03 Blacksmith
02:21 Arcane Tower
02:26 Lumber Mill
03:27 Farm
03:35 Keep
03:44 Scout Tower
03:52 Arcane Vault
04:12 Guard Tower
05:11 Farm
05:41 Farm
08:09 Workshop
10:27 Arcane Vault
10:38 Farm
12:07 Farm
14:28 Town Hall
15:05 Farm
» items
| Scroll of Regeneration | 3 | |
| Scroll of Town Portal | 1 | |
| Potion of Mana | 1 | |
| Potion of Healing | 1 | |
6 total
team 2 (loser)
TheGodlyKorean (
red | 102 APM | 5153 actions | 50:36)
10 Blademaster
3 Wind Walk
3 Critical Strike
1 Bladestorm
3 Mirror Image
» actions
| Assign group hotkey | 81 | |
| Basic commands | 53 | |
| Build / train | 99 | |
| ESC pressed | 2 | |
| Enter build submenu | 44 | |
| Enter hero's abilities submenu | 10 | |
| Give item / drop item | 2 | |
| Remove unit from queue | 3 | |
| Right click | 3489 | |
| Select / deselect | 438 | |
| Select group hotkey | 374 | |
| Use ability | 558 | |
5153 total
» units
| Peon | 11 | |
| Grunt | 6 | |
| Wind Rider | 13 | |
| Troll Batrider | 14 | |
44 total
» upgrades
| Pillage | 1 | |
| Berserker Strength | 1 | |
| Envenomed Spears | 1 | |
| Reinforced Defenses | 1 | |
| Ranged Weapons | 0 | |
| Witch Doctor Training | 2 | |
| Armor | 3 | |
9 total
» buildings
| Altar of Storms | 2 | |
| Orc Burrow | 5 | |
| Voodoo Lounge | 4 | |
| Barracks | 1 | |
| Stronghold | 4 | |
| War Mill | 2 | |
| Beastiary | 2 | |
| Fortress | 2 | |
| Spirit Lodge | 1 | |
| Watch Tower | 22 | |
| Great Hall | 2 | |
47 total
» build order
00:10 Altar of Storms
00:20 Orc Burrow
00:35 Voodoo Lounge
01:43 Barracks
01:49 Orc Burrow
03:31 Stronghold
03:31 Stronghold
04:08 Orc Burrow
04:47 War Mill
06:09 Beastiary
06:11 Beastiary
07:25 Fortress
07:31 Orc Burrow
08:03 Orc Burrow
14:05 Spirit Lodge
17:58 Watch Tower
18:00 Watch Tower
21:07 Watch Tower
21:09 Watch Tower
21:11 Watch Tower
22:17 Watch Tower
22:21 Watch Tower
28:01 Great Hall
32:35 Voodoo Lounge
32:57 Voodoo Lounge
33:01 Watch Tower
34:07 Watch Tower
34:11 Watch Tower
35:38 Watch Tower
35:39 Watch Tower
35:44 Watch Tower
36:43 Watch Tower
37:46 Watch Tower
39:11 Watch Tower
39:38 Watch Tower
39:40 Watch Tower
40:24 Watch Tower
40:50 Voodoo Lounge
41:44 Watch Tower
41:50 Watch Tower
42:19 Stronghold
42:19 Stronghold
43:38 War Mill
43:40 Altar of Storms
44:35 Watch Tower
48:38 Great Hall
» items
| Healing Salve | 7 | |
| Lesser Clarity Potion | 2 | |
| Scroll of Town Portal | 1 | |
| Boots of Speed | 1 | |
| Orb of Lightning | 2 | |
13 total

»
Xman101 (
blue | 60 APM | 3043 actions | 50:36)
6 Archmage
3 Brilliance Aura
2 Blizzard
1 Mass Teleport
5 Paladin
3 Holy Light
2 Divine Shield
» actions
| Assign group hotkey | 43 | |
| Basic commands | 326 | |
| Build / train | 70 | |
| Enter build submenu | 19 | |
| Enter hero's abilities submenu | 11 | |
| Give item / drop item | 6 | |
| Remove unit from queue | 1 | |
| Right click | 868 | |
| Select / deselect | 372 | |
| Select group hotkey | 1135 | |
| Use ability | 192 | |
3043 total
» units
| Peasant | 7 | |
| Footman | 19 | |
| Mortar Team | 7 | |
33 total
» upgrades
| Defend | 1 | |
| Fragmentation Shards | 1 | |
| Flak Cannons | 1 | |
3 total
» buildings
| Altar of Kings | 1 | |
| Farm | 9 | |
| Barracks | 1 | |
| Arcane Vault | 1 | |
| Lumber Mill | 1 | |
| Keep | 1 | |
| Scout Tower | 1 | |
| Blacksmith | 1 | |
| Workshop | 2 | |
| Castle | 1 | |
| Town Hall | 1 | |
20 total
» build order
00:15 Altar of Kings
00:19 Farm
00:29 Farm
00:55 Barracks
01:51 Farm
02:27 Farm
03:07 Arcane Vault
03:25 Lumber Mill
04:23 Farm
05:37 Farm
08:01 Keep
08:04 Scout Tower
10:19 Blacksmith
10:25 Farm
11:36 Workshop
11:40 Workshop
12:05 Castle
13:21 Farm
14:53 Farm
19:38 Town Hall
» items
| Scroll of Regeneration | 4 | |
| Rod of Necromancy | 1 | |
| Potion of Healing | 2 | |
| Potion of Mana | 2 | |
| Staff of Sanctuary | 1 | |
| Scroll of Town Portal | 2 | |
| Orb of Lightning | 1 | |
| Boots of Speed | 2 | |
| Potion of Invisibility | 3 | |
18 total
Ral (
green | 40 APM | 2044 actions | 50:36)
5 Priestess of the Moon
2 Searing Arrows
3 Trueshot Aura
» actions
| Assign group hotkey | 17 | |
| Basic commands | 34 | |
| Build / train | 71 | |
| Enter build submenu | 17 | |
| Enter hero's abilities submenu | 5 | |
| Right click | 1182 | |
| Select / deselect | 599 | |
| Select group hotkey | 75 | |
| Use ability | 44 | |
2044 total
» units
| Wisp | 18 | |
| Archer | 19 | |
| Huntress | 5 | |
| Hippogryph | 16 | |
58 total
» upgrades
| Strength of the Moon | 2 | |
| Hippogryph Taming | 1 | |
| Improved Bows | 1 | |
| Druid of the Talon Training | 1 | |
| Nature's Blessing | 1 | |
6 total
» buildings
| Moon Well | 6 | |
| Altar of Elders | 1 | |
| Ancient of War | 2 | |
| Hunter's Hall | 2 | |
| Ancient of Wonders | 1 | |
| Ancient Protector | 2 | |
| Tree of Ages | 1 | |
| Ancient of Wind | 2 | |
17 total
» build order
00:08 Moon Well
00:14 Altar of Elders
00:39 Ancient of War
01:20 Moon Well
02:18 Hunter's Hall
03:08 Moon Well
03:32 Ancient of Wonders
04:33 Moon Well
04:54 Ancient Protector
04:58 Ancient Protector
05:17 Ancient of War
05:49 Tree of Ages
08:06 Moon Well
10:20 Ancient of Wind
10:27 Ancient of Wind
15:11 Moon Well
15:16 Hunter's Hall

»
uZZi (
yellow | 12 APM | 479 actions | 39:05)
4 Crypt Lord
2 Impale
2 Spiked Carapace
» actions
| Build / train | 50 | |
| Enter build submenu | 17 | |
| Enter hero's abilities submenu | 4 | |
| Remove unit from queue | 1 | |
| Right click | 230 | |
| Select / deselect | 151 | |
| Use ability | 26 | |
479 total
» units
| Acolyte | 9 | |
| Ghoul | 3 | |
| Crypt Fiend | 16 | |
| Frost Wyrm | 2 | |
30 total
» upgrades
» buildings
| Crypt | 1 | |
| Altar of Darkness | 2 | |
| Ziggurat | 8 | |
| Graveyard | 1 | |
| Nerubian Tower | 1 | |
| Tomb of Relics | 1 | |
| Halls of the Dead | 1 | |
| Spirit Tower | 5 | |
| Black Citadel | 1 | |
| Sacrificial Pit | 1 | |
| Boneyard | 2 | |
24 total
» build order
00:15 Crypt
00:40 Altar of Darkness
00:43 Ziggurat
01:05 Graveyard
01:43 Nerubian Tower
02:17 Ziggurat
02:33 Tomb of Relics
03:57 Ziggurat
05:07 Halls of the Dead
05:45 Ziggurat
07:21 Ziggurat
07:22 Spirit Tower
07:24 Spirit Tower
07:39 Black Citadel
08:40 Spirit Tower
11:27 Altar of Darkness
12:20 Ziggurat
12:58 Ziggurat
13:32 Spirit Tower
14:09 Spirit Tower
15:39 Sacrificial Pit
17:18 Boneyard
17:25 Boneyard
19:32 Ziggurat
» items
| Rod of Necromancy | 1 | |
| Potion of Healing | 1 | |
| Scroll of Town Portal | 1 | |
3 total
Chat log
(00:24 / Allies) Awdawdawdawdawd: units/plan?
(00:34 / Allies) Sol-Invictus: archer to dryads bears
(00:36 / Allies) NoSeedsNoStems: melee
(00:41 / Allies) aldous18: expand me
(00:46 / Allies) Awdawdawdawdawd: early footies and later gryphons
(05:31 / Allies) Sol-Invictus: hit?
(05:37 / Allies) Awdawdawdawdawd: k
(05:54 / Allies) Awdawdawdawdawd: meet
(11:30 / Allies) Sol-Invictus: help
(12:14 / Allies) Sol-Invictus: mortar
(13:54 / Allies) aldous18: a sec
(14:50 / Allies) Sol-Invictus: 1 giro?
(15:41 / Allies) Awdawdawdawdawd: expo
(16:57 / Allies) Sol-Invictus: ?
(17:22 / Allies) Sol-Invictus: main
(18:03 / Allies) Sol-Invictus: tp?
(18:38 / Allies) Sol-Invictus: why tped?
(19:16 / Allies) aldous18: wait
(20:07 / Allies) aldous18: who needs my gold
(23:00 / Allies) Sol-Invictus: cloud?
(23:01 / Allies) Sol-Invictus: rty
(24:41 / Allies) aldous18: share units
(25:33 / Allies) Sol-Invictus: giro?
(25:36 / Allies) aldous18: gold 100
(26:00 / Allies) aldous18: human share
(26:37 / Allies) aldous18: out
(27:57 / Allies) aldous18: share human
(28:02 / Allies) Awdawdawdawdawd: why?
(28:12 / Allies) aldous18: i can control the towers
(28:56 / Allies) Awdawdawdawdawd: tp
(29:50 / Allies) Awdawdawdawdawd: why did you get tauren, they have mass air
(32:39 / Allies) Awdawdawdawdawd: get aa not melee
(32:40 / Allies) aldous18: any extra gold
(34:22 / All) uZZi: why is none winning this wtf
(34:30 / All) Awdawdawdawdawd: stalemate
(34:34 / All) Awdawdawdawdawd: nobody wants to attack
(34:54 / Allies) aldous18: 200 gold pls
(34:56 / Allies) NoSeedsNoStems: can u cloud his towers?
(35:04 / Allies) NoSeedsNoStems: so we can end
(35:16 / Allies) Awdawdawdawdawd: yeah
(35:49 / Allies) aldous18: 100 more :)
(36:08 / Allies) Awdawdawdawdawd: don't lose that, I can't spare any more gold
(37:02 / Allies) NoSeedsNoStems: come cloud his towers
(37:08 / Allies) Awdawdawdawdawd: k sec
(37:30 / Allies) Awdawdawdawdawd: mass tping in 2 secs
(37:31 / Allies) NoSeedsNoStems: they are going to keep doing this shit
(37:40 / Allies) Awdawdawdawdawd: lets end it
(37:46 / Allies) Awdawdawdawdawd: wait for my army though
(37:49 / Allies) Awdawdawdawdawd: mass tp worked like shit
(39:07 / Allies) Awdawdawdawdawd: gj
(40:06 / All) Awdawdawdawdawd: TheGodlyKorean, you forgot that the Chinese are better in the pro scene than the Koreans in WC3
(40:16 / All) TheGodlyKorean: ^_^)
(40:20 / All) Awdawdawdawdawd: no offence :D
(41:57 / All) Awdawdawdawdawd: nice hero snipe :)
(42:45 / Allies) Awdawdawdawdawd: waiting for my lvl 8 am to resurrect
(43:38 / Allies) Awdawdawdawdawd: gave you 200 for a healing pot
(44:07 / All) TheGodlyKorean: ^^
(44:08 / Allies) Awdawdawdawdawd: k I got cloud
(44:26 / All) Awdawdawdawdawd: this was a pretty fun match
(44:27 / All) Awdawdawdawdawd: very strange
(46:03 / Allies) NoSeedsNoStems: kill the fucking base
(46:10 / Allies) Awdawdawdawdawd: yeah, we are
(46:12 / Allies) NoSeedsNoStems: fuck their heros
(46:16 / Allies) Awdawdawdawdawd: guess I should say me
(46:35 / All) TheGodlyKorean: ss so skill
(46:41 / All) Awdawdawdawdawd: ^^
(47:42 / All) TheGodlyKorean: so fun ^_^
(47:58 / Allies) Awdawdawdawdawd: bolt
(48:15 / Allies) Awdawdawdawdawd: give control